AoeStats
← SoggyCow

Scandinavia

510343434Analyzed
1v1 RM · 1d ago on Sep 30, 2026· 46m 42s· 2 players
Game mode
Random Map
Map size
Tiny (2 player)
Population
200
Speed
Normal
Resources
Standard
Victory
Conquest
Starting age
Dark Age
Ending age
Imperial Age
RankedLock teamsTeams togetherTeam positionsShared explorationLock speedFull tech treeHidden civsTurbo modeCheats
Victory
Defeat
🇺🇸 Persians · United States
890
+16
🇹🇼 Mongols · Taiwan
892
-16
SoggyCow
10:06 Loom
16:05 Feudal Age
22:37 Horse Collar
22:44 Double-Bit Axe
22:53 Gold Mining
25:56 Stone Mining
28:12 Castle Age
41:46 Scale Barding Armor
42:26 Forging
watchout0723
1:52 Loom
10:56 Feudal Age
11:38 Town Watch
25:53 Castle Age
37:30 Fishing Lines
Connection lost

Rejoining the realm…

Still unreachable

The connection could not be restored.

Session expired

The server has moved on; the page needs a fresh start.